 Dungeon Crawl Stone Soup version 0.29.1-15-g9cfb28693d (webtiles) character file.

Game seed: 5354312631294749943

20245 kingofthe the Nimble (level 12, -20/59 HPs)
             Began as a Deep Elf Conjurer on Mar 2, 2023.
             Was an Elder of Sif Muna.
             Demolished by a reaper
             ... wielding a +1 scythe of freezing
              (35 damage)
             ... in an ice cave.
             The game lasted 01:18:08 (17828 turns).

kingofthe the Nimble (Deep Elf Conjurer)           Turns: 17828, Time: 01:18:09

Health: -20/59     AC: 12    Str:  4    XL:     12   Next: 43%
Magic:  20/29      EV: 22    Int: 25    God:    Sif Muna [****..]
Gold:   308        SH:  0    Dex: 17    Spells: 10/34 levels left

rFire   . . .      SeeInvis .   a - staff of conjuration {!a}
rCold   + . .      Faith    .   (no shield)
rNeg    . . .      Spirit   .   v - +1 leather armour {rC+}
rPois   .          Reflect  .   R - +1 hat {Will+}
rElec   .          Harm     .   N - +0 cloak
rCorr   .          Rampage  .   l - +0 pair of gloves
Will    ++...                   U - +0 pair of boots
Stlth   ++++......              (no amulet)
HPRegen 0.19/turn               E - +4 ring of evasion
MPRegen 0.21/turn               T - +4 ring of protection

@: about to teleport, studying Summonings
A: no striking features
a: Renounce Religion, Channel Magic, Forget Spell, Divine Exegesis


You were in an ice cave.
You worshipped Sif Muna.
Sif Muna was greatly pleased with you.
You visited 3 branches of the dungeon, and saw 13 of its levels.
You also visited: Ice Cave.

You collected 524 gold pieces.
You spent 216 gold pieces at shops.


   Skills:
 * Level 12.9 Dodging
 - Level 9.0 Stealth
 + Level 11.5 Spellcasting
 + Level 9.8 Conjurations
 + Level 11.3 Hexes
 + Level 6.0 Summonings
 + Level 1.7 Ice Magic
 + Level 7.8 Invocations


You had 10 spell levels left.
You knew the following spells:

 Your Spells              Type           Power      Damage    Failure   Level
a - Magic Dart            Conj           100%       1d8       1%          1
b - Searing Ray           Conj           100%       2d8       1%          2
c - Mephitic Cloud        Conj/Pois/Air  46%        N/A       6%          3
d - Fulminant Prism       Conj/Hex       39%        3d18      1%          4
e - Stone Arrow           Conj/Erth      100%       3d13      3%          3
f - Cause Fear            Hex            31%        N/A       1%          4
g - Tukima's Dance        Hex            63%        N/A       1%          3
h - Summon Ice Beast      Ice/Summ       34%        N/A       16%         4

Your spell library contained the following spells:

 Spells                   Type           Power      Damage    Failure   Level
 Call Imp                 Summ           44%        N/A       1%          2
 Static Discharge         Conj/Air       55%        3-10/arc  1%          2
 Dazzling Flash           Conj/Hex       100%       N/A       1%          3
 Inner Flame              Hex/Fire       42%        N/A       2%          3
 Portal Projectile        Hex/Tloc       84%        N/A       2%          3
 Sandblast                Erth           28%        2d8       8%          1
 Iskenderun's Mystic Bla  Conj/Tloc      55%        2d12      10%         4
 Frozen Ramparts          Ice            46%        1d7       11%         3
 Ozocubu's Armour         Ice            23%        N/A       11%         3
 Passwall                 Tmut/Erth      11%        N/A       12%         2
 Metabolic Englaciation   Hex/Ice        23%        N/A       14%         5
 Lightning Bolt           Conj/Air       27%        1d44      28%         5
 Ice Form                 Ice/Tmut       18%        N/A       45%         4
 Petrify                  Tmut/Erth      14%        N/A       58%         4
 Blade Hands              Tmut           7%         N/A       91%         5
 Discord                  Hex            31%        N/A       99%         8
 Simulacrum               Ice/Necr       9%         N/A       100%        6
 Statue Form              Tmut/Erth      9%         N/A       100%        6
 Maxwell's Capacitive Co  Air            7%         ∞         100%        8

Inventory:

Hand Weapons
 b - the +1 long sword of Blood {pain, Str+3 Int+6 Stlth+}
   (You found it on level 10 of the Dungeon)

   In the hands of one skilled in necromantic magic, it inflicts extra damage on
   living creatures.
   Str:       It affects your strength (+3).
   Int:       It affects your intelligence (+6).
   Stlth:     It makes you more stealthy.
 y - a +1 war axe of venom
 S - a +2 spear of flaming
Armour
 l - a +0 pair of gloves (worn)
 p - a +1 robe of fire resistance
 v - a +1 leather armour of cold resistance (worn)
 N - a +0 cloak (worn)
 R - a +1 hat of willpower (worn)
 U - a +0 pair of boots (worn)
 X - a +2 robe of willpower
Magical Staves
 a - a staff of conjuration (weapon) {!a}
Jewellery
 t - a +4 ring of protection
 E - a +4 ring of evasion (left hand)
 T - a +4 ring of protection (right hand)
 W - a ring of willpower
 Z - a ring of wizardry
Wands
 o - a wand of flame (9)
 s - a wand of digging (15)
 C - a wand of iceblast (7)
 O - a wand of quicksilver (3)
 P - a wand of charming (5)
Scrolls
 c - 2 scrolls of brand weapon
 d - a scroll of poison {unknown}
 j - 3 scrolls of blinking
 m - a scroll of magic mapping
 r - a scroll of vulnerability {unknown}
 u - 2 scrolls of identify {@r1}
 w - 5 scrolls of teleportation {@r2}
 z - a scroll of enchant armour {unknown}
 G - a scroll of summoning {unknown}
 H - a scroll of immolation {unknown}
 I - a scroll of fear {unknown}
 L - 2 scrolls of amnesia
 M - a scroll of acquirement {unknown}
 V - a scroll of enchant weapon {unknown}
Potions
 e - 2 potions of brilliance
 f - 3 potions of haste {@q3}
 g - a potion of magic
 h - 6 potions of curing {@q1}
 k - 3 potions of flight
 n - 3 potions of ambrosia
 q - 6 potions of heal wounds {@q2}
 A - 3 potions of invisibility
Miscellaneous
 i - a piece from Xom's chessboard (15/15)
 Q - a phantom mirror
 Y - a lightning rod (4/4)

Dungeon Overview and Level Annotations

Branches:
Dungeon (10/15)            Temple (1/1) D:4            Lair (2/5) D:10
  IceCv (1/1)
  Swamp: Lair:2-3    Shoals: Lair:2-3     Snake: Lair:2-3    Spider: Lair:2-3
    Orc: D:9-12

Altars:
Ashenzari
Cheibriados
Dithmenos
Elyvilon
Fedhas
Gozag
Hepliaklqana
Kikubaaqudgha
Makhleb
Nemelex Xobeh
Okawaru
Qazlal
Ru
Sif Muna
Trog
Uskayaw
Vehumet
Wu Jian
Xom
Yredelemnul
Zin
The Shining One

Shops:
D:6 (   D:8 :

Annotations:
D:3 1 runed translucent door, Crazy Yiuf
D:8 1 runed translucent door, growler's ghost, novice DrTm
D:10 exclusions: door and obsidian statue

##.....### ▒ ▒▒▒▒▒
.........# ▒.▒.▒.▒.▒
▒▒......... ▒'▒.▒'▒'▒
.▒......... ........'
▒.........
8.8.8.8.▒▒▒▒▒▒▒▒.........
.............▒...........
.............'.....⌠.....
......2.@....▒...........
8.8.8.8.▒▒▒▒▒▒▒▒.........
........'.▒.'[.▒.........
▒'▒.▒'▒'▒▒▒.▒⌠.▒.........
▒ ▒ ▒.▒.▒ ▒▒▒▒.........
▒▒▒▒▒ #.........#
###.....### #######


You could see a reaper.


Message History

You conjure a prism of explosive energy!
A fulminant prism comes into view.
Your fulminant prism crackles loudly.
Casting: Fulminant Prism (dangerous; 1% risk of failure)
Confirm with . or Enter, or press ? or * to list all spells.
Aiming: Stone Arrow (dangerous; 3% risk of failure)
Press: ? - help, Shift-Dir - straight line, f - reaper
Aim: a reaper, wielding a +1 scythe of freezing (ally target, 78% to hit)
You feel a surge of power!
The stone arrow hits the reaper!!
The reaper is moderately wounded.
Your fulminant prism explodes!
The blast of energy engulfs the reaper.
The reaper is moderately wounded.
Casting: Stone Arrow (dangerous; 3% risk of failure)
Confirm with . or Enter, or press ? or * to list all spells.
Aiming: Stone Arrow (dangerous; 3% risk of failure)
Press: ? - help, Shift-Dir - straight line, f/p - reaper
Aim: a reaper, wielding a +1 scythe of freezing (moderately wounded, 78% to hit)
You feel a surge of power!
The stone arrow hits the reaper.
The reaper is moderately wounded.
The reaper hits you from afar with a +1 scythe of freezing!!!
Ouch! That really hurt!
* * * LOW HITPOINT WARNING * * *
The reaper freezes you!
* * * LOW HITPOINT WARNING * * *
As you read the scroll of teleportation {@r2}, it crumbles to dust.
You feel strangely unstable.
The reaper hits you from afar with a +1 scythe of freezing!!
Ouch! That really hurt!
You die...

Skill      XL: |  1  2  3  4  5  6  7  8  9 10 11 12 |
---------------+-------------------------------------+-----
Stealth        | 3 4 5 6 7 8 9 |  9.0
Dodging        | 3 4 6 7 9 10 12 | 12.9
Spellcasting   | 4 5 6 8 9 11 | 11.5
Conjurations   | 5 6 7 8 9 |  9.8
Hexes          | 2 4 7 9 10 11 | 11.3
Invocations    | 3 5 7 |  7.8
Summonings     | 4 6 |  6.0
Ice Magic      | 1 |  1.7

Action                   |  1- 3 |  4- 6 |  7- 9 | 10-12 || total
-------------------------+-------+-------+-------+-------++-------
Melee: Unarmed           |     8 |       |       |       ||     8
       Whip              |       |       |    18 |       ||    18
 Cast: Magic Dart        |    81 |    42 |   124 |   132 ||   379
       Searing Ray       |     3 |    10 |    46 |    37 ||    96
       Stone Arrow       |       |       |     7 |    55 ||    62
       Fulminant Prism   |       |       |    29 |   120 ||   149
       Mephitic Cloud    |       |       |       |    25 ||    25
       Cause Fear        |       |       |       |     4 ||     4
Invok: Channel Magic     |       |       |       |     4 ||     4
Evoke: Wand              |       |       |     5 |     3 ||     8
  Use: Potion            |       |       |     1 |     3 ||     4
       Scroll            |       |       |     7 |    15 ||    22
Armor: Robe              |       |     3 |     5 |     6 ||    14
       Leather armour    |       |       |       |    13 ||    13
       Skin              |       |       |       |     1 ||     1
Dodge: Dodged            |     4 |    16 |    57 |   127 ||   204

Levels and vault maps discovered:
D:1:      roderic_crop_circles_arrival_small, layout_loops_ring,
          ebering_ecumenical_altar_sacrificial, minmay_hexomino_p4
D:2:      layout_loops_cross, basic_altar, kennysheep_generic_room_15
D:3:      layout_loops_ring, lemuel_crystal_altar,
          nicolae_overflow_two_pavilions, mrwooster_statue_mirror,
          minmay_misc_feat_cross, minmay_goblin_kobold_house, uniq_terence,
          uniq_crazy_yiuf_cottage, uniq_grinder, uniq_sigmund, uniq_jessica
D:4:      layout_basic, minmay_temple_entry_nine_rooms, grunt_decor_one_mirror,
          nicolae_eternal_life, uniq_edmund, uniq_blork_the_orc, uniq_duvessa
D:5:      layout_rooms, lemuel_zombie_altar_kikubaaqudgha
D:6:      layout_gridville, serial_shops, nicolae_take_the_stairs, uniq_menkaure
D:7:      layout_basic, mainiacjoe_overflow_small_starburst, uniq_maggie
D:8:      layout_rooms, grunt_gozag_breadcrumbs, ebering_ghost_reflecting_pool,
          serial_shops, kennysheep_little_box, minivault_19, uniq_maurice,
          uniq_gastronok
D:9:      layout_loops_ring, grunt_temple_overflow_order_and_chaos_1, uniq_grum
D:10:     nicolae_cairo_tiling, layout_basic,
          nicolae_hepliaklqana_ecumenical_no_more, dpeg_oklobed_lair,
          minmay_protected_statue, uniq_snorg
Temple:   hellmonk_temple_forest_ring
Lair:1:   layout_regular_city, disabler_island, grunt_megastairs_1
Lair:2:   layout_gridlike, minmay_swamp_entry_reptiles,
          spider_nest_entry_funnel_web, portal_ice_cave_entry_imps,
          infiniplex_staircase_pool_2
IceCv:    ice_cave_tombish

Notes
Turn   | Place    | Note
-------+----------+-------------------------------------------
     0 | D:1      | kingofthe the Deep Elf Conjurer began the quest for the
                  | Orb.
     0 | D:1      | Reached XP level 1. HP: 10/10 MP: 6/6
    31 | D:1      | You fall into a shaft and drop 1 floor!
    97 | D:1      | HP: 1/10 [endoplasm (1)]
    99 | D:1      | Reached XP level 2. HP: 2/15 MP: 0/8
   364 | D:1      | Learned a level 2 spell: Searing Ray
   697 | D:1      | Reached skill level 3 in Stealth
   738 | D:1      | Reached skill level 3 in Dodging
   803 | D:1      | Reached XP level 3. HP: 19/19 MP: 8/10
   932 | D:1      | Found a faded altar of an unknown god.
  1891 | D:2      | Found a burning altar of Makhleb.
  1970 | D:2      | Reached XP level 4. HP: 24/24 MP: 5/11
  2418 | D:3      | Noticed Terence
  2418 | D:3      | Noticed Jessica
  2420 | D:3      | Killed Jessica
  2421 | D:3      | Reached skill level 4 in Spellcasting
  2421 | D:3      | Reached skill level 5 in Conjurations
  2427 | D:3      | Killed Terence
  2546 | D:3      | Found a bloodstained altar of Trog.
  2590 | D:3      | Reached XP level 5. HP: 28/28 MP: 10/13
  2629 | D:3      | Noticed Grinder
  2633 | D:3      | Paralysed by Grinder for 2 turns
  2639 | D:3      | Killed Grinder
  2640 | D:3      | Reached skill level 4 in Dodging
  2640 | D:3      | Reached skill level 4 in Stealth
  2640 | D:3      | Reached skill level 5 in Spellcasting
  2640 | D:3      | Reached XP level 6. HP: 14/32 MP: 3/15
  3090 | D:3      | Found a white marble altar of Elyvilon.
  3090 | D:3      | Found a blossoming altar of Fedhas.
  3318 | D:3      | Noticed Sigmund
  3342 | D:3      | Killed Sigmund
  3343 | D:3      | Reached skill level 5 in Stealth
  3343 | D:3      | Reached skill level 6 in Conjurations
  3612 | D:3      | Found a runed translucent door.
  3613 | D:3      | Noticed Crazy Yiuf
  3642 | D:3      | Learned a level 4 spell: Fulminant Prism
  4049 | D:4      | Reached XP level 7. HP: 36/36 MP: 14/17
  4049 | D:4      | Noticed Edmund
  4051 | D:4      | Reached skill level 5 in Dodging
  4068 | D:3      | Killed Edmund
  4069 | D:3      | Reached skill level 1 in Hexes
  4302 | D:4      | Reached skill level 6 in Spellcasting
  4563 | D:4      | Reached skill level 6 in Dodging
  4563 | D:4      | Reached skill level 2 in Hexes
  4673 | D:4      | Found a staircase to the Ecumenical Temple.
  4691 | D:4      | Reached skill level 6 in Stealth
  4691 | D:4      | Reached XP level 8. HP: 41/41 MP: 7/20
  4703 | Temple   | Entered the Ecumenical Temple
  4784 | Temple   | Became a worshipper of Sif Muna the Loreminder
  5101 | D:4      | Learned a level 3 spell: Stone Arrow
  5107 | D:4      | Noticed Duvessa
  5111 | D:4      | Noticed Dowan
  5115 | D:4      | Killed Duvessa
  5116 | D:4      | Reached skill level 7 in Spellcasting
  5121 | D:4      | Killed Dowan
  5368 | D:4      | Noticed Blork the orc
  5380 | D:4      | Killed Blork the orc
  5381 | D:4      | Reached skill level 3 in Hexes
  5782 | D:5      | Entered Level 5 of the Dungeon
  5831 | D:5      | Reached skill level 7 in Dodging
  6094 | D:5      | Learned a level 3 spell: Tukima's Dance
  6214 | D:5      | Reached skill level 8 in Spellcasting
  6403 | D:5      | Reached skill level 7 in Conjurations
  6555 | D:5      | Found an ancient bone altar of Kikubaaqudgha.
  6767 | D:6      | Noticed Menkaure
  6772 | D:6      | Killed Menkaure
  6773 | D:6      | Reached skill level 4 in Hexes
  6777 | D:6      | Reached skill level 7 in Stealth
  6899 | D:6      | Reached * piety under Sif Muna
  6900 | D:6      | Reached XP level 9. HP: 45/45 MP: 17/23
  7000 | D:6      | Found Goschiko's Weapon Boutique.
  7223 | D:6      | Reached skill level 8 in Dodging
  7223 | D:6      | Reached skill level 5 in Hexes
  7581 | D:6      | Reached skill level 1 in Invocations
  8072 | D:7      | Found a hide-covered altar of Uskayaw.
  8093 | D:7      | Reached skill level 6 in Hexes
  8093 | D:7      | Reached skill level 2 in Invocations
  8358 | D:7      | Noticed Maggie
  8359 | D:7      | Reached ** piety under Sif Muna
  8463 | D:7      | Killed Maggie
  8464 | D:7      | Reached skill level 9 in Spellcasting
  8464 | D:7      | Reached skill level 3 in Invocations
  8580 | D:7      | Reached skill level 9 in Dodging
  8715 | D:7      | Reached skill level 8 in Stealth
  8821 | D:7      | Learned a level 4 spell: Cause Fear
  8855 | D:7      | Reached skill level 7 in Hexes
  8855 | D:7      | Reached XP level 10. HP: 50/50 MP: 19/25
  9479 | D:8      | Noticed Maurice
  9754 | D:8      | Found a runed translucent door.
  9754 | D:8      | Noticed growler's ghost (novice DrTm)
  9763 | D:8      | Reached skill level 4 in Invocations
  9795 | D:8      | Killed Maurice
  9796 | D:8      | Reached skill level 8 in Conjurations
 10027 | D:8      | Found an opulent altar of Gozag.
 10115 | D:8      | Noticed Gastronok
 10483 | D:8      | Found Giehupu's Book Shop.
 10981 | D:8      | Found an opulent altar of Gozag.
 11026 | D:8      | Killed Gastronok
 11027 | D:8      | Reached skill level 10 in Dodging
 11027 | D:8      | Reached skill level 8 in Hexes
 11027 | D:8      | Reached skill level 5 in Invocations
 11190 | D:8      | Found a runed translucent door.
 11321 | D:8      | Found Giehupu's Book Shop.
 11329 | D:8      | Bought a book of Minor Magic for 216 gold pieces
 11333 | D:8      | Learned a level 3 spell: Mephitic Cloud
 11381 | D:9      | Noticed a two-headed ogre
 11395 | D:9      | Killed a two-headed ogre
 11944 | D:9      | Noticed an angel
 11945 | D:9      | Found a glowing silver altar of Zin.
 11945 | D:9      | Found a shimmering altar of Xom.
 11960 | D:9      | Reached *** piety under Sif Muna
 12182 | D:9      | Noticed Grum
 12186 | D:9      | Reached skill level 9 in Hexes
 12186 | D:9      | Reached XP level 11. HP: 54/54 MP: 18/26
 12188 | D:9      | Killed Grum
 12397 | D:9      | Killed an angel
 12436 | D:10     | Entered Level 10 of the Dungeon
 12463 | D:10     | Reached skill level 9 in Stealth
 12463 | D:10     | Reached skill level 10 in Spellcasting
 12463 | D:10     | Reached skill level 6 in Invocations
 12666 | D:10     | Noticed Snorg
 12811 | D:10     | Killed Snorg
 12812 | D:10     | Reached skill level 11 in Dodging
 12918 | D:10     | Found a staircase to the Lair.
 12976 | D:10     | Found a faded altar of an unknown god.
 12978 | D:10     | Found a hazy altar of Hepliaklqana.
 12978 | D:10     | Found a faded altar of an unknown god.
 13024 | D:10     | Identified the +1 long sword of Blood {pain, Str+3 Int+6
                  | Stlth+}
 13267 | D:10     | Reached skill level 10 in Hexes
 13668 | D:10     | Reached skill level 7 in Invocations
 13675 | D:10     | Reached skill level 9 in Conjurations
 13818 | D:10     | Noticed an obsidian statue
 14164 | Lair:1   | Entered Level 1 of the Lair of Beasts
 14167 | Lair:1   | Noticed a boulder beetle
 14196 | D:10     | HP: 3/54 [boulder beetle (12)]
 14459 | Lair:1   | Noticed a boulder beetle
 14534 | D:10     | Killed a boulder beetle
 14732 | D:10     | Learned a level 4 spell: Summon Ice Beast
 15073 | Lair:1   | Reached skill level 1 in Summonings
 15343 | Lair:1   | Reached skill level 2 in Summonings
 15356 | Lair:1   | Reached skill level 12 in Dodging
 15356 | Lair:1   | Reached skill level 3 in Summonings
 15995 | Lair:2   | Reached skill level 11 in Spellcasting
 16119 | Lair:2   | Reached **** piety under Sif Muna
 16131 | Lair:2   | Reached skill level 4 in Summonings
 16131 | Lair:2   | Reached XP level 12. HP: 59/59 MP: 12/29
 16144 | Lair:2   | Found a frozen archway.
 16149 | Lair:2   | Noticed a five-headed hydra
 16173 | Lair:2   | Reached skill level 11 in Hexes
 16182 | Lair:2   | Killed a five-headed hydra
 16334 | IceCv    | Entered an ice cave
 16428 | IceCv    | Reached skill level 5 in Summonings
 16915 | IceCv    | Reached skill level 1 in Ice Magic
 17680 | IceCv    | Reached skill level 6 in Summonings
 17822 | IceCv    | Noticed a reaper
 17828 | IceCv    | Demolished by a reaper

Vanquished Creatures
  Gastronok (D:8)
  Snorg (D:10)
  A boulder beetle (D:10)
  A hydra (Lair:2)
  A two-headed ogre (D:9)
  2 ice statues (IceCv)
  Maurice (D:8)
  Maggie (D:7)
  6 ice devils (IceCv)
  A komodo dragon (Lair:2)
  3 anaconda simulacra (IceCv)
  3 trolls
  A hornet (D:8)
  Grinder (D:3)
  6 blink frogs
  A vampire (D:9)
  Sigmund (D:3)
  A shadow (D:10)
  A dire elephant simulacrum (IceCv)
  Grum (D:9)
  A wyvern (D:10)
  23 yaks
  A basilisk (Lair:1)
  A death yak simulacrum (IceCv)
  2 steam dragons
  Menkaure (D:6)
  3 harpy simulacra (IceCv)
  Edmund (D:3)
  4 water moccasins
  Duvessa (D:4)
  3 hydra simulacra (IceCv)
  2 ice beasts
  2 orc warriors
  3 sky beasts
  6 ogres
  3 centaurs
  2 wolves (D:9)
  A phantom (D:5)
  Blork the orc (D:4)
  4 kobold brigands
  7 bullfrogs
  4 scorpions
  A necrophage (D:8)
  A gnoll sergeant (D:9)
  4 wights (D:7)
  Dowan (D:4)
  An elephant simulacrum (IceCv)
  4 electric eels (Lair:1)
  5 howler monkeys
  A gnoll bouda (D:8)
  10 orc priests
  2 hounds
  3 jellies
  Terence (D:3)
  Jessica (D:3)
  5 iguanas
  13 orc wizards
  2 spriggan simulacra (IceCv)
  13 gnolls
  7 adders
  2 shadow imps
  14 white imps
  An ufetubus (IceCv)
  3 worms
  2 dart slugs
  47 orcs
  9 ball pythons
  2 bat zombies (D:5)
  8 endoplasms
  10 giant cockroaches
  8 goblins
  5 hobgoblins
  6 jackals
  22 kobolds
  5 quokkas
  4 bats (D:1)
  A frilled lizard (D:2)
  6 rats
  A rat zombie (D:5)
  3 fulminant prisms
345 creatures vanquished.

Vanquished Creatures (others)
  An angel (D:9)
  146 fulminant prisms
  3 fungi
  27 plants
177 creatures vanquished.

Grand Total: 522 creatures vanquished

Table legend: (Time is in decaauts)
 A = Elapsed time spent in this place.
 B = Non-inter-level travel time spent in this place.
 C = Inter-level travel time spent in this place.
 D = Time resting spent in this place.
 E = Time spent auto-exploring this place.
 F = Levels seen in this place.
 G = Mean time per level.
                   A        B        C        D        E       F      G
               +--------+--------+--------+--------+--------+-----+--------+
         Total |  17836 |  17408 |    428 |   4777 |  10168 |  14 | 1274.0 |
       Dungeon |  14505 |  14112 |    393 |   3070 |   9189 |  10 | 1450.5 |
        Temple |    233 |    220 |     13 |     73 |    127 |   1 |  233.0 |
          Lair |   1602 |   1580 |     22 |    436 |    852 |   2 |  801.0 |
      Ice Cave |   1493 |   1493 |      0 |   1198 |      0 |   1 | 1493.0 |
               +--------+--------+--------+--------+--------+-----+--------+

Top non-repeatable levels by time:
     D:8: 2119 daAuts
    D:10: 2063 daAuts
     D:3: 1978 daAuts
     D:6: 1617 daAuts
     D:1: 1503 daAuts
   IceCv: 1493 daAuts
  Lair:1: 1245 daAuts
     D:4: 1192 daAuts
     D:9: 1168 daAuts
     D:7: 1033 daAuts
     D:5: 915 daAuts
     D:2: 913 daAuts
  Lair:2: 356 daAuts
  Temple: 233 daAuts

Table legend:
 A = Non-vault XP
 B = Vault XP
 C = Vault XP percentage of total XP
 D = Non-vault monster count
 E = Vault monster count
 F = Vault count percentage of total count
                 A         B        C        D         E       F
            +---------+---------+-------+---------+---------+-------
      Total |   16867 |   12055 |  41.7 |     271 |      71 |  20.8
            +---------+---------+-------+---------+---------+-------
        D:1 |      54 |       5 |   8.5 |      30 |       3 |   9.1
        D:2 |      46 |       4 |   8.0 |      13 |       2 |  13.3
        D:3 |      56 |     739 |  93.0 |      18 |       7 |  28.0
        D:4 |     759 |     311 |  29.1 |      39 |       3 |   7.1
        D:5 |     458 |       5 |   1.1 |      10 |       3 |  23.1
        D:6 |    1233 |     172 |  12.2 |      27 |       1 |   3.6
        D:7 |    1548 |     424 |  21.5 |      41 |       1 |   2.4
        D:8 |    1404 |    1885 |  57.3 |      28 |       2 |   6.7
        D:9 |    1827 |     437 |  19.3 |      17 |       3 |  15.0
       D:10 |    5693 |    1048 |  15.5 |      30 |       2 |   6.2
     Lair:1 |    2527 |     407 |  13.9 |      13 |       5 |  27.8
     Lair:2 |    1262 |    1176 |  48.2 |       5 |      16 |  76.2
      IceCv |       0 |    5442 | 100.0 |       0 |      23 | 100.0
            +---------+---------+-------+---------+---------+-------
